| Goals | Penalties |
1. Gladiators , Colton Sissons 4 (Nick Schmaltz 6, Alex Tuch 3) at 14:02
|
Colton Sissons (ATH) for Holding (Minor) at 8:08 Kris Letang (SCH) for Roughing (Minor) at 11:57
|
2. Gladiators , Nico Hischier 5 (Alex Tuch 4, Cockring Bomber 17) at 3:33
3. Oilers , Artturi Lehkonen 5 (Robert Thomas 10, Darnell Nurse 5) at 11:53
4. Oilers , Kris Letang 3 (Darnell Nurse 6, Artturi Lehkonen 2) at 13:52 (PP)
5. Oilers , Kent Johnson 2 (Cale Makar 14) at 16:32
|
Samuel Girard (ATH) for Slashing (Minor) at 9:53 Shea Theodore (ATH) for Interference (Minor) at 12:13 Dylan Larkin (ATH) for High sticking (Minor) at 19:39
|
6. Gladiators , Dylan Larkin 2 (Cockring Bomber 18, Dylan Guenther 3) at 11:15
|
Dylan Guenther (ATH) for Roughing (Minor) at 3:48 Simon Benoit (SCH) for Interference (Minor) at 7:01
|
No Goal
|
|
Gladiators, Jake Guentzel - Stopped by John Gibson
Oilers, Kent Johnson - Goal!
Gladiators, Dylan Guenther - Stopped by John Gibson
Oilers, Connor Bedard - Stopped by Jake Oettinger
Gladiators, Sam Reinhart - Goal!
Oilers, Artturi Lehkonen - Goal!
|
|
|
Jake Oettinger (ATH), 28 saves from 31 shots - (0.903), OTL, 5-3-3, 65:00 minutes
John Gibson (SCH), 21 saves from 24 shots - (0.875), W, 10-1-1, 65:00 minutes
|
|
1 - Cockring Bomber (ATH)
2 - Artturi Lehkonen (SCH)
3 - Darnell Nurse (SCH)
|
Referees : Unknown
Linesman : Unknown
|
|
| No Game Note
|
|
Level 1 -- Attendance: 4627 (77.12%) -- Ticket Income $462,700
Level 2 -- Attendance: 3509 (70.18%) -- Ticket Income $210,540
Level 3 -- Attendance: 1554 (77.70%) -- Ticket Income $54,390
Level 4 -- Attendance: 3302 (82.55%) -- Ticket Income $82,550
Luxury Box -- Attendance: 948 (94.80%) -- Ticket Income $189,600
Game was played at the Rexall Place.
Total Attendance: 13940 (77.44%)
Total Ticket Income: $999,780
Other Income: $399,912
Total Income: $1,399,692
|
| Team Name |
Goals |
Shots |
Shots Attemp |
Shots Blocked |
PIM |
HIT |
PP |
PK |
FO% |
| Gladiators |
3 | 24 | 44 | 7 | 10 | 14 | 0 / 2 (0%) | 1 | 42% |
| Oilers |
4 | 31 | 54 | 7 | 4 | 17 | 1 / 5 (20%) | 0 | 58% |
Gladiators
Oilers
Gladiators
| 5 vs 5 Forward |
|---|
| Line # | Left Wing | Center | Right Wing | PHY | DF | OF | Wanted % | Time % | Time Play |
| 1 | Jake Guentzel | Dylan Larkin | Dylan Guenther | 1 | 2 | 2 | 30 | 28% | 12:56
|
| 2 | Alex Tuch | Nico Hischier | Sam Reinhart | 1 | 2 | 2 | 28 | 27% | 12:28
|
| 3 | Zach Hyman | Nick Schmaltz | Colton Sissons | 1 | 2 | 2 | 26 | 25% | 11:35
|
| 4 | Yanni Gourde | Matty Beniers | J.T. Compher | 1 | 2 | 2 | 16 | 20% | 9:28
|
| 5 vs 5 Defense |
|---|
| Line # | Defense | Defense | | PHY | DF | OF | Wanted % | Time % | Time Play |
| 1 | Cockring Bomber | Wyatt Kaiser | | 1 | 2 | 2 | 30 | 31% | 14:28
|
| 2 | Drew Doughty | Cam Fowler | | 1 | 2 | 2 | 28 | 29% | 13:29
|
| 3 | Samuel Girard | Shea Theodore | | 1 | 2 | 2 | 26 | 34% | 15:34
|
| 4 | Cockring Bomber | Drew Doughty | | 1 | 2 | 2 | 16 | 6% | 2:56
|
| Power Play Forward |
|---|
| Line # | Left Wing | Center | Right Wing | PHY | DF | OF | Wanted % | Time % | Time Play |
| 1 | Jake Guentzel | Dylan Larkin | Dylan Guenther | 1 | 2 | 2 | 55 | 49% | 1:57
|
| 2 | Alex Tuch | Nico Hischier | Sam Reinhart | 1 | 2 | 2 | 45 | 51% | 2:01
|
| Power Play Defense |
|---|
| Line # | Defense | Defense | | PHY | DF | OF | Wanted % | Time % | Time Play |
| 1 | Cockring Bomber | Drew Doughty | | 1 | 2 | 2 | 55 | 41% | 1:38
|
| 2 | Drew Doughty | Cam Fowler | | 1 | 2 | 2 | 45 | 59% | 2:20
|
| Penalty Kill 4 Players Forward |
|---|
| Line # | Center | Wing | PHY | DF | OF | Wanted % | Time % | Time Play |
| 1 | Jake Guentzel | Dylan Guenther | 1 | 2 | 2 | 55 | 61% | 5:50
|
| 2 | Sam Reinhart | Dylan Larkin | 1 | 2 | 2 | 45 | 39% | 3:45
|
| Penalty Kill 4 Players Defense |
|---|
| Line # | Defense | Defense | PHY | DF | OF | Wanted % | Time % | Time Play |
| 1 | Cockring Bomber | Drew Doughty | 1 | 2 | 2 | 55 | 51% | 4:53
|
| 2 | Drew Doughty | Cam Fowler | 1 | 2 | 2 | 45 | 49% | 4:42
|
| Penalty Kill 3 Players |
|---|
| Line # | Wing | PHY | DF | OF | Wanted % | Time % | Time Play | Defense | Defense | PHY | DF | OF | Wanted % | Time % | Time Play |
| 1 | Jake Guentzel | 1 | 2 | 2 | 55 | 0% | 0:00
| Cockring Bomber | Drew Doughty | 1 | 2 | 2 | 55 | 0% | 0:00
|
| 2 | Dylan Guenther | 1 | 2 | 2 | 45 | 0% | 0:00
| Drew Doughty | Cam Fowler | 1 | 2 | 2 | 45 | 0% | 0:00
|
| 4 vs 4 Forward |
|---|
| Line # | Center | Wing | PHY | DF | OF | Wanted % | Time % | Time Play |
| 1 | Jake Guentzel | Dylan Guenther | 1 | 2 | 2 | 55 | 0% | 0:00
|
| 2 | Sam Reinhart | Dylan Larkin | 1 | 2 | 2 | 45 | 0% | 0:00
|
| 4 vs 4 Defense |
|---|
| Line # | Defense | | PHY | DF | OF | Wanted % | Time % | Time Play |
| 1 | Cockring Bomber | Drew Doughty | 1 | 2 | 2 | 55 | 0% | 0:00
|
| 2 | Drew Doughty | Cam Fowler | 1 | 2 | 2 | 45 | 0% | 0:00
|
| Last Minutes Offensive |
|---|
| Left Wing | Center | Right Wing | Defense | Defense |
| Jake Guentzel | Dylan Larkin | Dylan Guenther | Cockring Bomber | Wyatt Kaiser |
| Last Minutes Defensive |
|---|
| Left Wing | Center | Right Wing | Defense | Defense |
| Jake Guentzel | Dylan Larkin | Dylan Guenther | Cockring Bomber | Wyatt Kaiser |
| Time |
|---|
| Total Forward | Total Defense | Last Minutes Offensive | Last Minutes Defensive |
| 60:00 |
60:00 |
0:00 | 0:00 |
| Extra Forwards |
|---|
| Normal | PowerPlay | Penalty Kill |
|
Zach Hyman, Nick Schmaltz, Colton Sissons | Zach Hyman, Nick Schmaltz | Colton Sissons |
| Extra Defensemen |
|---|
| Normal | PowerPlay | Penalty Kill |
|
Samuel Girard, Shea Theodore, Drew Doughty | Samuel Girard, Shea Theodore | Drew Doughty |
| Penalty Shots |
|---|
|
Jake Guentzel, Dylan Guenther, Sam Reinhart, Dylan Larkin, Nico Hischier |
| Goalie |
|---|
| Jake Oettinger, Dustin Wolf |
| Custom OT Lines Forwards |
|---|
|
Jake Guentzel, Dylan Guenther, Sam Reinhart, Dylan Larkin, Nico Hischier, Alex Tuch, Zach Hyman, Nick Schmaltz, Colton Sissons, Matty Beniers |
| Custom OT Lines Defensemen |
|---|
|
Cockring Bomber, Wyatt Kaiser, Drew Doughty, Cam Fowler, Samuel Girard |
| Scratches |
|---|
|
Evan Rodrigues (Healthy), Josh Manson (Healthy) |
Oilers
| 5 vs 5 Forward |
|---|
| Line # | Left Wing | Center | Right Wing | PHY | DF | OF | Wanted % | Time % | Time Play |
| 1 | Manson Gluehead | Leon Draisaitl | Robert Thomas | 1 | 2 | 2 | 35 | 32% | 14:54
|
| 2 | Kent Johnson | Tomas Hertl | Mikko Rantanen | 1 | 2 | 2 | 31 | 32% | 14:44
|
| 3 | Connor Bedard | Ryan Nugent-Hopkins | Artturi Lehkonen | 1 | 2 | 2 | 29 | 31% | 14:36
|
| 4 | Ridly Greig | Robert Thomas | Trent Frederic | 1 | 2 | 2 | 5 | 5% | 2:13
|
| 5 vs 5 Defense |
|---|
| Line # | Defense | Defense | | PHY | DF | OF | Wanted % | Time % | Time Play |
| 1 | Cale Makar | Colton Parayko | | 1 | 2 | 2 | 34 | 28% | 12:59
|
| 2 | Darnell Nurse | Noah Juulsen | | 1 | 2 | 2 | 32 | 32% | 15:05
|
| 3 | Kris Letang | David Savard | | 1 | 2 | 2 | 29 | 31% | 14:11
|
| 4 | Cale Makar | Simon Benoit | | 1 | 2 | 2 | 5 | 9% | 4:12
|
| Power Play Forward |
|---|
| Line # | Left Wing | Center | Right Wing | PHY | DF | OF | Wanted % | Time % | Time Play |
| 1 | Manson Gluehead | Leon Draisaitl | Mikko Rantanen | 1 | 2 | 2 | 55 | 56% | 5:22
|
| 2 | Kent Johnson | Robert Thomas | Artturi Lehkonen | 1 | 2 | 2 | 45 | 44% | 4:13
|
| Power Play Defense |
|---|
| Line # | Defense | Defense | | PHY | DF | OF | Wanted % | Time % | Time Play |
| 1 | Cale Makar | Colton Parayko | | 1 | 2 | 2 | 55 | 59% | 5:42
|
| 2 | Darnell Nurse | Kris Letang | | 1 | 2 | 2 | 45 | 41% | 3:53
|
| Penalty Kill 4 Players Forward |
|---|
| Line # | Center | Wing | PHY | DF | OF | Wanted % | Time % | Time Play |
| 1 | Robert Thomas | Manson Gluehead | 1 | 3 | 1 | 55 | 68% | 2:41
|
| 2 | Ryan Nugent-Hopkins | Ridly Greig | 1 | 3 | 1 | 45 | 32% | 1:17
|
| Penalty Kill 4 Players Defense |
|---|
| Line # | Defense | Defense | PHY | DF | OF | Wanted % | Time % | Time Play |
| 1 | Noah Juulsen | Colton Parayko | 1 | 3 | 1 | 55 | 75% | 2:59
|
| 2 | Darnell Nurse | David Savard | 1 | 3 | 1 | 45 | 25% | 0:59
|
| Penalty Kill 3 Players |
|---|
| Line # | Wing | PHY | DF | OF | Wanted % | Time % | Time Play | Defense | Defense | PHY | DF | OF | Wanted % | Time % | Time Play |
| 1 | Manson Gluehead | 1 | 2 | 2 | 55 | 0% | 0:00
| Noah Juulsen | Colton Parayko | 1 | 2 | 2 | 55 | 0% | 0:00
|
| 2 | Tomas Hertl | 1 | 2 | 2 | 45 | 0% | 0:00
| Darnell Nurse | David Savard | 1 | 2 | 2 | 45 | 0% | 0:00
|
| 4 vs 4 Forward |
|---|
| Line # | Center | Wing | PHY | DF | OF | Wanted % | Time % | Time Play |
| 1 | Leon Draisaitl | Mikko Rantanen | 1 | 2 | 2 | 55 | 0% | 0:00
|
| 2 | Manson Gluehead | Robert Thomas | 1 | 2 | 2 | 45 | 0% | 0:00
|
| 4 vs 4 Defense |
|---|
| Line # | Defense | | PHY | DF | OF | Wanted % | Time % | Time Play |
| 1 | Cale Makar | Colton Parayko | 1 | 2 | 2 | 55 | 0% | 0:00
|
| 2 | Darnell Nurse | Noah Juulsen | 1 | 2 | 2 | 45 | 0% | 0:00
|
| Last Minutes Offensive |
|---|
| Left Wing | Center | Right Wing | Defense | Defense |
| Manson Gluehead | Leon Draisaitl | Mikko Rantanen | Cale Makar | Colton Parayko |
| Last Minutes Defensive |
|---|
| Left Wing | Center | Right Wing | Defense | Defense |
| Manson Gluehead | Leon Draisaitl | Ridly Greig | Noah Juulsen | Colton Parayko |
| Time |
|---|
| Total Forward | Total Defense | Last Minutes Offensive | Last Minutes Defensive |
| 60:00 |
60:00 |
0:00 | 0:00 |
| Extra Forwards |
|---|
| Normal | PowerPlay | Penalty Kill |
|
Tomas Hertl, Ryan Nugent-Hopkins, Ridly Greig | Robert Thomas, Kent Johnson | Ridly Greig |
| Extra Defensemen |
|---|
| Normal | PowerPlay | Penalty Kill |
|
Simon Benoit, Kris Letang, David Savard | Simon Benoit, Darnell Nurse | Kris Letang |
| Penalty Shots |
|---|
|
Kent Johnson, Connor Bedard, Artturi Lehkonen, Ryan Nugent-Hopkins, Leon Draisaitl |
| Goalie |
|---|
| John Gibson, Ukko-Pekka Luukkonen |
| Custom OT Lines Forwards |
|---|
|
Leon Draisaitl, Mikko Rantanen, Manson Gluehead, Robert Thomas, Kent Johnson, Tomas Hertl, Ryan Nugent-Hopkins, Connor Bedard, Artturi Lehkonen, Ridly Greig |
| Custom OT Lines Defensemen |
|---|
|
Cale Makar, Colton Parayko, Noah Juulsen, Darnell Nurse, Kris Letang |
| Scratches |
|---|
|
Alexander Holtz (Healthy), Lukas Reichel (Healthy), Spencer Knight (Healthy) |
Play-by-Play
1st period
0:01 of 1st period - Leon Draisaitl wins face-off versus Dylan Larkin in neutral zone.
0:21 of 1st period - Icing by Cockring Bomber.
0:22 of 1st period - Tomas Hertl wins face-off versus Dylan Larkin in Gladiators zone.
0:27 of 1st period - Shot by Kent Johnson.
0:27 of 1st period - Shot Misses the Net.
0:49 of 1st period - Icing by Cockring Bomber.
0:50 of 1st period - Dylan Guenther wins face-off versus Ryan Nugent-Hopkins in Gladiators zone.
1:36 of 1st period - Off-side.
1:37 of 1st period - Nick Schmaltz wins face-off versus Manson Gluehead in neutral zone.
1:37 of 1st period - Shea Theodore is hit by Manson Gluehead and loses puck.
2:41 of 1st period - Icing by Noah Juulsen.
2:42 of 1st period - Matty Beniers wins face-off versus Tomas Hertl in Oilers zone.
2:42 of 1st period - Matty Beniers is hit by Noah Juulsen.
2:45 of 1st period - J.T. Compher is hit by Darnell Nurse and loses puck.
2:57 of 1st period - J.T. Compher is hit by Noah Juulsen and loses puck.
3:10 of 1st period - Shot by Kent Johnson.
3:10 of 1st period - Stopped by Jake Oettinger with a rebound.
3:36 of 1st period - Shot by Alex Tuch.
3:36 of 1st period - Stopped by John Gibson with a rebound.
3:38 of 1st period - Shot by Nico Hischier.
3:38 of 1st period - Deflect By Sam Reinhart.
3:38 of 1st period - Stopped by John Gibson without a rebound.
3:39 of 1st period - Alex Tuch wins face-off versus Robert Thomas in Oilers zone.
3:40 of 1st period - Shot by Nico Hischier.
3:40 of 1st period - Stopped by John Gibson without a rebound.
3:41 of 1st period - Nico Hischier wins face-off versus Robert Thomas in Oilers zone.
3:42 of 1st period - Shot by Sam Reinhart.
3:42 of 1st period - Shot Blocked by Cale Makar.
4:08 of 1st period - Shot by Simon Benoit.
4:08 of 1st period - Stopped by Jake Oettinger without a rebound.
4:09 of 1st period - Ryan Nugent-Hopkins wins face-off versus Dylan Larkin in Gladiators zone.
4:37 of 1st period - Connor Bedard is hit by Drew Doughty and loses puck.
5:41 of 1st period - Shot by Manson Gluehead.
5:41 of 1st period - Deflect By Leon Draisaitl.
5:41 of 1st period - Shot Misses the Net.
5:43 of 1st period - Shot by Colton Parayko.
5:43 of 1st period - Shot Misses the Net.
5:45 of 1st period - Shot by Cale Makar.
5:45 of 1st period - Shot Misses the Net.
5:47 of 1st period - Shot by Manson Gluehead.
5:47 of 1st period - The goal is going for a video replay.
5:47 of 1st period - The goal is refused.
5:48 of 1st period - Tomas Hertl wins face-off versus Nico Hischier in Gladiators zone.
5:53 of 1st period - Shot by Kent Johnson.
5:53 of 1st period - Stopped by Jake Oettinger without a rebound.
5:54 of 1st period - Nico Hischier wins face-off versus Tomas Hertl in Gladiators zone.
6:13 of 1st period - Alex Tuch is hit by Tomas Hertl and loses puck.
6:58 of 1st period - Shot by Matty Beniers.
6:58 of 1st period - Stopped by John Gibson without a rebound.
6:59 of 1st period - Dylan Larkin wins face-off versus Leon Draisaitl in Oilers zone.
7:33 of 1st period - Dylan Larkin is hit by Cale Makar and loses puck.
8:08 of 1st period - Minor Penalty to Colton Sissons for Holding.
8:09 of 1st period - Robert Thomas wins face-off versus Sam Reinhart in Gladiators zone.
8:26 of 1st period - Shot by Darnell Nurse.
8:26 of 1st period - Shot Blocked by Drew Doughty.
9:02 of 1st period - Icing by Kris Letang.
9:03 of 1st period - Robert Thomas wins face-off versus Jake Guentzel in Oilers zone.
9:33 of 1st period - Icing by Leon Draisaitl.
9:34 of 1st period - Leon Draisaitl wins face-off versus Jake Guentzel in Oilers zone.
10:31 of 1st period - Shot by Connor Bedard.
10:31 of 1st period - Stopped by Jake Oettinger with a rebound.
10:33 of 1st period - Shot by Ryan Nugent-Hopkins.
10:33 of 1st period - Shot Misses the Net.
11:56 of 1st period - Shot by Zach Hyman.
11:56 of 1st period - Stopped by John Gibson with a rebound.
11:57 of 1st period - Minor Penalty to Kris Letang for Roughing.
11:58 of 1st period - Dylan Larkin wins face-off versus Robert Thomas in Oilers zone.
12:24 of 1st period - Shot by Dylan Guenther.
12:24 of 1st period - Stopped by John Gibson without a rebound.
12:25 of 1st period - Robert Thomas wins face-off versus Nico Hischier in Oilers zone.
13:36 of 1st period - Shot by Dylan Larkin.
13:36 of 1st period - Shot Blocked by David Savard.
13:38 of 1st period - Shot by Dylan Guenther.
13:38 of 1st period - Stopped by John Gibson without a rebound.
13:39 of 1st period - Ryan Nugent-Hopkins wins face-off versus Nico Hischier in Oilers zone.
14:00 of 1st period - Shot by Nick Schmaltz.
14:00 of 1st period - Shot Misses the Net.
14:02 of 1st period - Shot by Colton Sissons.
14:02 of 1st period - Goal by Colton Sissons - Gladiators : 1 - Oilers : 0.
14:03 of 1st period - Nick Schmaltz wins face-off versus Kent Johnson in neutral zone.
14:35 of 1st period - Icing by Tomas Hertl.
14:36 of 1st period - Tomas Hertl wins face-off versus Dylan Larkin in Oilers zone.
14:46 of 1st period - Icing by Wyatt Kaiser.
14:47 of 1st period - Leon Draisaitl wins face-off versus Dylan Guenther in Gladiators zone.
14:51 of 1st period - Icing by Cockring Bomber.
14:52 of 1st period - Dylan Larkin wins face-off versus Leon Draisaitl in Gladiators zone.
15:53 of 1st period - Shot by Nico Hischier.
15:53 of 1st period - Shot Misses the Net.
16:15 of 1st period - Shot by Sam Reinhart.
16:15 of 1st period - Shot Blocked by Kris Letang.
16:21 of 1st period - Shot by Alex Tuch.
16:21 of 1st period - Stopped by John Gibson with a rebound.
17:16 of 1st period - Shot by Kent Johnson.
17:16 of 1st period - Shot Hit the Post.
17:18 of 1st period - Shot by Tomas Hertl.
17:18 of 1st period - Stopped by Jake Oettinger without a rebound.
17:19 of 1st period - Dylan Larkin wins face-off versus Ryan Nugent-Hopkins in Gladiators zone.
17:19 of 1st period - Dylan Larkin is hit by Noah Juulsen.
17:30 of 1st period - Artturi Lehkonen is hit by Wyatt Kaiser and loses puck.
17:40 of 1st period - Icing by Cockring Bomber.
17:41 of 1st period - Tomas Hertl wins face-off versus Dylan Larkin in Gladiators zone.
17:52 of 1st period - Shot by Dylan Larkin.
17:52 of 1st period - Shot Misses the Net.
18:00 of 1st period - Shot by Mikko Rantanen.
18:00 of 1st period - Deflect By Tomas Hertl.
18:00 of 1st period - Stopped by Jake Oettinger without a rebound.
18:01 of 1st period - Sam Reinhart wins face-off versus Ryan Nugent-Hopkins in Gladiators zone.
18:39 of 1st period - Shot by Ryan Nugent-Hopkins.
18:39 of 1st period - Shot Misses the Net.
18:52 of 1st period - Off-side.
18:53 of 1st period - Matty Beniers wins face-off versus Tomas Hertl in neutral zone.
19:56 of 1st period - Icing by Matty Beniers.
19:57 of 1st period - Leon Draisaitl wins face-off versus Matty Beniers in Gladiators zone.
Goals for this period are 1 for Gladiators vs 0 for Oilers.
Shots for this period are 9 for Gladiators vs 7 for Oilers.
2nd period
0:01 of 2nd period - Nick Schmaltz wins face-off versus Leon Draisaitl in neutral zone.
0:12 of 2nd period - Shot by Nick Schmaltz.
0:12 of 2nd period - Shot Misses the Net.
0:41 of 2nd period - Colton Sissons is hit by Manson Gluehead and loses puck.
2:20 of 2nd period - Shot by Kent Johnson.
2:20 of 2nd period - Deflect By Mikko Rantanen.
2:20 of 2nd period - Stopped by Jake Oettinger without a rebound.
2:21 of 2nd period - Tomas Hertl wins face-off versus Matty Beniers in Gladiators zone.
2:44 of 2nd period - J.T. Compher is hit by Kris Letang and loses puck.
3:33 of 2nd period - Shot by Nico Hischier.
3:33 of 2nd period - Goal by Nico Hischier - Gladiators : 2 - Oilers : 0.
3:34 of 2nd period - Nick Schmaltz wins face-off versus Ryan Nugent-Hopkins in neutral zone.
3:42 of 2nd period - Samuel Girard is hit by Darnell Nurse and loses puck.
3:52 of 2nd period - Zach Hyman is hit by Noah Juulsen and loses puck.
4:02 of 2nd period - Icing by Darnell Nurse.
4:03 of 2nd period - Ryan Nugent-Hopkins wins face-off versus Nico Hischier in Oilers zone.
4:07 of 2nd period - Darnell Nurse is hit by Cockring Bomber.
4:14 of 2nd period - Ryan Nugent-Hopkins is hit by Wyatt Kaiser.
4:40 of 2nd period - Shot by Tomas Hertl.
4:40 of 2nd period - Stopped by Jake Oettinger without a rebound.
4:41 of 2nd period - Leon Draisaitl wins face-off versus Dylan Larkin in Gladiators zone.
5:20 of 2nd period - Shot by Jake Guentzel.
5:20 of 2nd period - Deflect By Dylan Larkin.
5:20 of 2nd period - Stopped by John Gibson without a rebound.
5:21 of 2nd period - Nick Schmaltz wins face-off versus Tomas Hertl in Oilers zone.
5:42 of 2nd period - Shot by Mikko Rantanen.
5:42 of 2nd period - Shot Misses the Net.
6:24 of 2nd period - Icing by David Savard.
6:25 of 2nd period - Tomas Hertl wins face-off versus Dylan Larkin in Oilers zone.
7:00 of 2nd period - Shot by Dylan Guenther.
7:00 of 2nd period - Shot Blocked by Colton Parayko.
7:12 of 2nd period - Icing by Cale Makar.
7:13 of 2nd period - Nico Hischier wins face-off versus Leon Draisaitl in Oilers zone.
7:15 of 2nd period - Sam Reinhart is hit by Cale Makar and loses puck.
7:50 of 2nd period - Icing by Cockring Bomber.
7:51 of 2nd period - Ryan Nugent-Hopkins wins face-off versus Nico Hischier in Gladiators zone.
7:55 of 2nd period - Icing by Wyatt Kaiser.
7:56 of 2nd period - Nico Hischier wins face-off versus Tomas Hertl in Gladiators zone.
9:52 of 2nd period - Manson Gluehead is hit by Samuel Girard and loses puck.
9:53 of 2nd period - Minor Penalty to Samuel Girard for Slashing.
9:54 of 2nd period - Leon Draisaitl wins face-off versus Jake Guentzel in Gladiators zone.
11:39 of 2nd period - Shot by Darnell Nurse.
11:39 of 2nd period - Deflect By Kent Johnson.
11:39 of 2nd period - Shot Misses the Net.
11:41 of 2nd period - Shot by Kent Johnson.
11:41 of 2nd period - Shot Misses the Net.
11:43 of 2nd period - Shot by Kris Letang.
11:43 of 2nd period - Stopped by Jake Oettinger without a rebound.
11:44 of 2nd period - Robert Thomas wins face-off versus Jake Guentzel in Gladiators zone.
11:47 of 2nd period - Shot by Kris Letang.
11:47 of 2nd period - Stopped by Jake Oettinger with a rebound.
11:53 of 2nd period - Shot by Artturi Lehkonen.
11:53 of 2nd period - Goal by Artturi Lehkonen - Gladiators : 2 - Oilers : 1.
11:54 of 2nd period - Robert Thomas wins face-off versus Matty Beniers in neutral zone.
11:56 of 2nd period - Kris Letang is hit by Samuel Girard and loses puck.
12:13 of 2nd period - Minor Penalty to Shea Theodore for Interference.
12:14 of 2nd period - Robert Thomas wins face-off versus Jake Guentzel in Gladiators zone.
12:46 of 2nd period - Shot by Robert Thomas.
12:46 of 2nd period - Stopped by Jake Oettinger without a rebound.
12:47 of 2nd period - Dylan Larkin wins face-off versus Leon Draisaitl in Gladiators zone.
12:47 of 2nd period - Dylan Larkin is hit by Manson Gluehead.
13:50 of 2nd period - Shot by Darnell Nurse.
13:50 of 2nd period - Shot Misses the Net.
13:52 of 2nd period - Shot by Kris Letang.
13:52 of 2nd period - Goal by Kris Letang - Gladiators : 2 - Oilers : 2.
13:53 of 2nd period - Ryan Nugent-Hopkins wins face-off versus Nick Schmaltz in neutral zone.
14:08 of 2nd period - Shot by Ryan Nugent-Hopkins.
14:08 of 2nd period - Stopped by Jake Oettinger without a rebound.
14:09 of 2nd period - Tomas Hertl wins face-off versus Nico Hischier in Gladiators zone.
14:46 of 2nd period - Shot by Kent Johnson.
14:46 of 2nd period - Stopped by Jake Oettinger without a rebound.
14:47 of 2nd period - Nick Schmaltz wins face-off versus Leon Draisaitl in Gladiators zone.
15:08 of 2nd period - Icing by Manson Gluehead.
15:09 of 2nd period - Dylan Larkin wins face-off versus Leon Draisaitl in Oilers zone.
15:10 of 2nd period - Shot by Dylan Guenther.
15:10 of 2nd period - Shot Misses the Net.
15:20 of 2nd period - Shot by Dylan Larkin.
15:20 of 2nd period - Deflect By Jake Guentzel.
15:20 of 2nd period - Shot Misses the Net.
16:07 of 2nd period - Sam Reinhart is hit by Colton Parayko and loses puck.
16:32 of 2nd period - Shot by Kent Johnson.
16:32 of 2nd period - Goal by Kent Johnson - Gladiators : 2 - Oilers : 3.
16:33 of 2nd period - Nick Schmaltz wins face-off versus Ryan Nugent-Hopkins in neutral zone.
17:33 of 2nd period - Shot by Cale Makar.
17:33 of 2nd period - Shot Blocked by Samuel Girard.
17:56 of 2nd period - Off-side.
17:57 of 2nd period - Dylan Larkin wins face-off versus Robert Thomas in neutral zone.
18:18 of 2nd period - Shot by Manson Gluehead.
18:18 of 2nd period - Stopped by Jake Oettinger without a rebound.
18:19 of 2nd period - Nico Hischier wins face-off versus Ryan Nugent-Hopkins in Gladiators zone.
18:28 of 2nd period - Shot by Alex Tuch.
18:28 of 2nd period - Stopped by John Gibson without a rebound.
18:29 of 2nd period - Leon Draisaitl wins face-off versus Matty Beniers in Oilers zone.
18:55 of 2nd period - Icing by Noah Juulsen.
18:56 of 2nd period - Dylan Guenther wins face-off versus Leon Draisaitl in Oilers zone.
19:23 of 2nd period - Shot by Dylan Guenther.
19:23 of 2nd period - Shot Misses the Net.
19:39 of 2nd period - Minor Penalty to Dylan Larkin for High sticking.
19:40 of 2nd period - Connor Bedard wins face-off versus Sam Reinhart in Gladiators zone.
19:45 of 2nd period - Shot by Kent Johnson.
19:45 of 2nd period - Stopped by Jake Oettinger without a rebound.
19:46 of 2nd period - Kent Johnson wins face-off versus Dylan Guenther in Gladiators zone.
19:55 of 2nd period - Shot by Cale Makar.
19:55 of 2nd period - Stopped by Jake Oettinger with a rebound.
Goals for this period are 1 for Gladiators vs 3 for Oilers.
Shots for this period are 3 for Gladiators vs 13 for Oilers.
3rd period
0:01 of 3rd period - Leon Draisaitl wins face-off versus Jake Guentzel in neutral zone.
0:06 of 3rd period - Shot by Cale Makar.
0:06 of 3rd period - Stopped by Jake Oettinger without a rebound.
0:07 of 3rd period - Jake Guentzel wins face-off versus Leon Draisaitl in Gladiators zone.
0:16 of 3rd period - Cockring Bomber is hit by Manson Gluehead and loses puck.
0:21 of 3rd period - Shot by Manson Gluehead.
0:21 of 3rd period - Stopped by Jake Oettinger with a rebound.
0:32 of 3rd period - Icing by Mikko Rantanen.
0:33 of 3rd period - Leon Draisaitl wins face-off versus Sam Reinhart in Oilers zone.
1:00 of 3rd period - Icing by Manson Gluehead.
1:01 of 3rd period - Leon Draisaitl wins face-off versus Jake Guentzel in Oilers zone.
1:39 of 3rd period - Kent Johnson is hit by Cockring Bomber and loses puck.
2:56 of 3rd period - Shot by Shea Theodore.
2:56 of 3rd period - Stopped by John Gibson without a rebound.
2:57 of 3rd period - Leon Draisaitl wins face-off versus Dylan Larkin in Oilers zone.
2:57 of 3rd period - Leon Draisaitl is hit by Dylan Larkin.
3:16 of 3rd period - Icing by Drew Doughty.
3:17 of 3rd period - Tomas Hertl wins face-off versus Dylan Larkin in Gladiators zone.
3:17 of 3rd period - Mikko Rantanen is hit by Drew Doughty and loses puck.
3:42 of 3rd period - Dylan Guenther is hit by Darnell Nurse and loses puck.
3:48 of 3rd period - Minor Penalty to Dylan Guenther for Roughing.
3:49 of 3rd period - Leon Draisaitl wins face-off versus Sam Reinhart in Gladiators zone.
4:52 of 3rd period - Icing by Kris Letang.
4:53 of 3rd period - Jake Guentzel wins face-off versus Artturi Lehkonen in Oilers zone.
7:01 of 3rd period - Minor Penalty to Simon Benoit for Interference.
7:02 of 3rd period - Dylan Larkin wins face-off versus Robert Thomas in Oilers zone.
7:07 of 3rd period - Shot by Drew Doughty.
7:07 of 3rd period - Shot Blocked by Noah Juulsen.
7:09 of 3rd period - Shot by Cam Fowler.
7:09 of 3rd period - Stopped by John Gibson without a rebound.
7:10 of 3rd period - Robert Thomas wins face-off versus Sam Reinhart in Oilers zone.
7:22 of 3rd period - Icing by Alex Tuch.
7:23 of 3rd period - Ryan Nugent-Hopkins wins face-off versus Sam Reinhart in Gladiators zone.
7:29 of 3rd period - Icing by Drew Doughty.
7:30 of 3rd period - Robert Thomas wins face-off versus Nico Hischier in Gladiators zone.
9:12 of 3rd period - Shot by Artturi Lehkonen.
9:12 of 3rd period - Stopped by Jake Oettinger without a rebound.
9:13 of 3rd period - Tomas Hertl wins face-off versus Matty Beniers in Gladiators zone.
10:17 of 3rd period - Shot by Connor Bedard.
10:17 of 3rd period - Deflect By Ryan Nugent-Hopkins.
10:17 of 3rd period - Shot Blocked by J.T. Compher.
10:24 of 3rd period - Connor Bedard is hit by Drew Doughty and loses puck.
10:31 of 3rd period - Shot by Ryan Nugent-Hopkins.
10:31 of 3rd period - Stopped by Jake Oettinger without a rebound.
10:32 of 3rd period - Dylan Larkin wins face-off versus Leon Draisaitl in Gladiators zone.
10:41 of 3rd period - Shot by Jake Guentzel.
10:41 of 3rd period - Shot Misses the Net.
10:45 of 3rd period - Shot by Dylan Larkin.
10:45 of 3rd period - Stopped by John Gibson without a rebound.
10:46 of 3rd period - Tomas Hertl wins face-off versus Nico Hischier in Oilers zone.
10:54 of 3rd period - Icing by Kent Johnson.
10:55 of 3rd period - Tomas Hertl wins face-off versus Dylan Larkin in Oilers zone.
11:15 of 3rd period - Shot by Dylan Larkin.
11:15 of 3rd period - Goal by Dylan Larkin - Gladiators : 3 - Oilers : 3.
11:16 of 3rd period - Leon Draisaitl wins face-off versus Nico Hischier in neutral zone.
11:40 of 3rd period - Shot by Robert Thomas.
11:40 of 3rd period - Shot Blocked by Shea Theodore.
11:48 of 3rd period - Shot by Leon Draisaitl.
11:48 of 3rd period - Shot Blocked by Samuel Girard.
12:18 of 3rd period - Kent Johnson is hit by Samuel Girard and loses puck.
12:32 of 3rd period - Icing by Cale Makar.
12:33 of 3rd period - Jake Guentzel wins face-off versus Tomas Hertl in Oilers zone.
15:27 of 3rd period - Shot by Jake Guentzel.
15:27 of 3rd period - Stopped by John Gibson without a rebound.
15:28 of 3rd period - Nick Schmaltz wins face-off versus Tomas Hertl in Oilers zone.
15:55 of 3rd period - Shot by Kent Johnson.
15:55 of 3rd period - Deflect By Mikko Rantanen.
15:55 of 3rd period - Stopped by Jake Oettinger with a rebound.
16:13 of 3rd period - Colton Parayko is hit by Wyatt Kaiser and loses puck.
16:33 of 3rd period - Shot by Ridly Greig.
16:33 of 3rd period - Stopped by Jake Oettinger with a rebound.
16:39 of 3rd period - Shot by Robert Thomas.
16:39 of 3rd period - Shot Misses the Net.
16:41 of 3rd period - Shot by David Savard.
16:41 of 3rd period - Shot Misses the Net.
16:43 of 3rd period - Shot by Robert Thomas.
16:43 of 3rd period - Stopped by Jake Oettinger without a rebound.
16:44 of 3rd period - Ryan Nugent-Hopkins wins face-off versus Dylan Larkin in Gladiators zone.
16:47 of 3rd period - Shot by Ryan Nugent-Hopkins.
16:47 of 3rd period - Shot Misses the Net.
17:12 of 3rd period - Ryan Nugent-Hopkins is hit by Cam Fowler and loses puck.
17:30 of 3rd period - Off-side.
17:31 of 3rd period - Nico Hischier wins face-off versus Leon Draisaitl in neutral zone.
18:07 of 3rd period - Shot by Sam Reinhart.
18:07 of 3rd period - Shot Misses the Net.
18:30 of 3rd period - Icing by Drew Doughty.
18:31 of 3rd period - Matty Beniers wins face-off versus Tomas Hertl in Gladiators zone.
18:31 of 3rd period - Matty Beniers is hit by Tomas Hertl.
18:39 of 3rd period - Shot by J.T. Compher.
18:39 of 3rd period - Stopped by John Gibson with a rebound.
19:02 of 3rd period - Mikko Rantanen is hit by Drew Doughty and loses puck.
19:47 of 3rd period - Shot by Colton Sissons.
19:47 of 3rd period - Shot Misses the Net.
19:49 of 3rd period - Shot by Colton Sissons.
19:49 of 3rd period - Shot Blocked by Connor Bedard.
19:51 of 3rd period - Shot by Colton Sissons.
19:51 of 3rd period - Stopped by John Gibson without a rebound.
19:52 of 3rd period - Leon Draisaitl wins face-off versus Dylan Larkin in Oilers zone.
19:57 of 3rd period - Shot by Jake Guentzel.
19:57 of 3rd period - Stopped by John Gibson without a rebound.
19:58 of 3rd period - Nico Hischier wins face-off versus Leon Draisaitl in Oilers zone.
Goals for this period are 1 for Gladiators vs 0 for Oilers.
Shots for this period are 8 for Gladiators vs 7 for Oilers.
Overtime #1
0:01 of 1st overtime period - Leon Draisaitl wins face-off versus Jake Guentzel in neutral zone.
0:27 of 1st overtime period - Shot by Mikko Rantanen.
0:27 of 1st overtime period - Stopped by Jake Oettinger without a rebound.
0:28 of 1st overtime period - Leon Draisaitl wins face-off versus Jake Guentzel in Gladiators zone.
0:51 of 1st overtime period - Shot by Leon Draisaitl.
0:51 of 1st overtime period - Deflect By Mikko Rantanen.
0:51 of 1st overtime period - Shot Hit the Post.
1:18 of 1st overtime period - Icing by Wyatt Kaiser.
1:19 of 1st overtime period - Robert Thomas wins face-off versus Dylan Larkin in Gladiators zone.
1:46 of 1st overtime period - Shot by Manson Gluehead.
1:46 of 1st overtime period - Stopped by Jake Oettinger without a rebound.
1:47 of 1st overtime period - Robert Thomas wins face-off versus Nico Hischier in Gladiators zone.
1:56 of 1st overtime period - Shot by Robert Thomas.
1:56 of 1st overtime period - Shot Blocked by Nico Hischier.
1:58 of 1st overtime period - Shot by Robert Thomas.
1:58 of 1st overtime period - Deflect By Manson Gluehead.
1:58 of 1st overtime period - Shot Misses the Net.
2:18 of 1st overtime period - Shot by Nico Hischier.
2:18 of 1st overtime period - Shot Misses the Net.
2:50 of 1st overtime period - Shot by Dylan Guenther.
2:50 of 1st overtime period - Shot Blocked by Leon Draisaitl.
2:52 of 1st overtime period - Shot by Wyatt Kaiser.
2:52 of 1st overtime period - Shot Misses the Net.
3:00 of 1st overtime period - Shot by Sam Reinhart.
3:00 of 1st overtime period - Stopped by John Gibson without a rebound.
3:01 of 1st overtime period - Tomas Hertl wins face-off versus Sam Reinhart in Oilers zone.
3:06 of 1st overtime period - Shot by Kent Johnson.
3:06 of 1st overtime period - Stopped by Jake Oettinger with a rebound.
3:14 of 1st overtime period - Shot by Sam Reinhart.
3:14 of 1st overtime period - Stopped by John Gibson without a rebound.
3:15 of 1st overtime period - Dylan Larkin wins face-off versus Leon Draisaitl in Oilers zone.
3:34 of 1st overtime period - Shot by Dylan Larkin.
3:34 of 1st overtime period - Stopped by John Gibson without a rebound.
3:35 of 1st overtime period - Robert Thomas wins face-off versus Jake Guentzel in Oilers zone.
3:40 of 1st overtime period - Shot by Manson Gluehead.
3:40 of 1st overtime period - Stopped by Jake Oettinger without a rebound.
3:41 of 1st overtime period - Leon Draisaitl wins face-off versus Jake Guentzel in Gladiators zone.
3:46 of 1st overtime period - Shot by Leon Draisaitl.
3:46 of 1st overtime period - Shot Blocked by Dylan Guenther.
4:13 of 1st overtime period - Shot by Dylan Guenther.
4:13 of 1st overtime period - Shot Misses the Net.
4:57 of 1st overtime period - Shot by Sam Reinhart.
4:57 of 1st overtime period - Stopped by John Gibson with a rebound.
Goals for this period are 0 for Gladiators vs 0 for Oilers.
Shots for this period are 4 for Gladiators vs 4 for Oilers.
ShootOut
5:00 of 1st overtime period - Round #1.
5:00 of 1st overtime period - Gladiators, Jake Guentzel.
5:00 of 1st overtime period - Stopped by John Gibson.
5:00 of 1st overtime period - Oilers, Kent Johnson.
5:00 of 1st overtime period - Goal by Kent Johnson.
5:00 of 1st overtime period - Round #2.
5:00 of 1st overtime period - Gladiators, Dylan Guenther.
5:00 of 1st overtime period - Stopped by John Gibson.
5:00 of 1st overtime period - Oilers, Connor Bedard.
5:00 of 1st overtime period - Stopped by Jake Oettinger.
5:00 of 1st overtime period - Round #3.
5:00 of 1st overtime period - Gladiators, Sam Reinhart.
5:00 of 1st overtime period - Goal by Sam Reinhart.
5:00 of 1st overtime period - Oilers, Artturi Lehkonen.
5:00 of 1st overtime period - Goal by Artturi Lehkonen.